Description

PvT Econ

Replay - [PvT] Kairos Junction LE - zuka, Rowrin - 07_49

Build Order

Get SALT Encoding   

  12  0:00  Probe  
  13  0:12  Probe  
  14  0:17  Pylon  
  14  0:20  Probe  
  15  0:31  Probe  
  15  0:39  Gateway  
  16  0:44  Probe  
  16  0:48  Assimilator  
  17  0:55  Probe  
  18  1:03  Probe  
  19  1:20  Probe  
  20  1:30  Nexus  
  20  1:39  Cybernetics Core  
  20  1:42  Probe  
  21  1:47  Assimilator  
  22  1:54  Probe  
  22  1:58  Pylon  
  22  2:06  Stalker  
  23  2:16  Warp Gate  
  26  2:36  Stalker  
  29  2:46  Robotics Facility  
  32  3:07  Twilight Council  
  34  3:16  Pylon  
  36  3:24  Immortal  
  43  3:43  Charge  
  44  3:49  Gateway x2  
  44  3:58  Warp Prism  
  44  4:05  Sentry  
  44  4:07  Gateway  
  48  4:15  Gateway  
  48  4:22  Gateway  
  48  4:29  Gateway  
  48  4:31  Zealot  
  50  4:35  Observer  
  50  4:37  Pylon  
  51  4:40  Gateway  
  51  4:47  Gateway x2  
  51  4:56  Sentry  
  51  4:57  Zealot  
  55  5:07  Shield Battery  
  55  5:16  Zealot x3  
  58  5:46  Stalker x7  
  57  6:07  Stalker  
  62  6:34  Pylon  
  68  7:15  Zealot x3  
  68  7:23  Zealot x2  
Spawning Tool Build Advisor. Get it on Overwolf

Go to:

Details

  • Created by: OHSHEE
  • Published on: May 13, 2019
  • Modified on: May 13, 2019
  • Patch: 4.7.1
Show
View Real Time Build Order
Export as new Build Order

Comments (0)

There are no comments. Be the first!

Create an account to comment!